 Dungeon Crawl Stone Soup version 0.21.1-1-g345015fe64 (webtiles) character file.

996 Faustar the Carver (level 8, -1/58 HPs)
             Began as a Formicid Abyssal Knight on June 6, 2018.
             Was a Believer of Lugonu.
             Slain by an orc warrior
             ... wielding a +0 battleaxe
              (21 damage)
             ... on level 5 of the Dungeon.
             The game lasted 00:10:06 (7550 turns).

Faustar the Carver (Formicid Abyssal Knight)        Turns: 7550, Time: 00:10:07

Health: -1/58      AC:  7    Str: 20    XL:     8   Next: 42%
Magic:  9/9        EV: 10    Int: 11    God:    Lugonu [**....]
Gold:   230        SH:  0    Dex: 10    Spells: 7/7 levels left

rFire    + . .     SeeInvis +   z - +0 long sword
rCold    . . .     Gourm    +   (no shield)
rNeg     . . .     Faith    .   i - +0 scale mail
rPois    .         Spirit   .   (helmet unavailable)
rElec    .         Reflect  .   (no cloak)
rCorr    .         Harm     .   (no gloves)
MR       .....                  (no boots)
Stlth    ..........             r - amulet of the gourmand
HPRegen  0.19/turn              g - ring of protection from fire
MPRegen  0.11/turn              (no ring)

@: no status effects
A: permanent stasis, dig shafts and tunnels, four strong arms, antennae 3
a: Dig, Shaft Self, Depart the Abyss, Bend Space, Renounce Religion


You were on level 5 of the Dungeon.
You worshipped Lugonu.
Lugonu was pleased with you.
You were completely stuffed.

You visited 1 branch of the dungeon, and saw 6 of its levels.
You visited the Abyss 1 time.

You collected 230 gold pieces.

Inventory:

Hand Weapons
 a - a +1 falchion
 z - a +0 long sword (weapon)
Armour
 b - a +0 leather armour
 i - a +0 scale mail (worn)
 l - a +0 chain mail
Jewellery
 g - a ring of protection from fire (left hand)
 r - an amulet of the gourmand (around neck)
Wands
 t - a wand of paralysis (5)
 A - a wand of clouds (4)
 B - a wand of iceblast (10)
Scrolls
 e - 5 scrolls of identify
 j - a scroll of magic mapping {unknown}
 k - a scroll of noise {unknown}
 m - 2 scrolls of enchant armour {unknown}
 o - 2 scrolls of amnesia {unknown}
 q - a scroll of immolation {unknown}
 v - 2 scrolls of teleportation {unknown}
 w - a scroll of fear {unknown}
 x - a scroll of fog {unknown}
 C - 4 scrolls of enchant weapon {unknown}
 D - a scroll of random uselessness {unknown}
Potions
 d - a potion of heal wounds
 f - a potion of ambrosia
 h - 5 potions of cancellation
 n - 3 potions of curing
 p - a potion of lignification
 s - 2 potions of magic {unknown}
 u - a potion of haste {unknown}
 E - a potion of might {unknown}
Books
 y - a book of Flames

   Spells                             Type                      Level
   a - Flame Tongue                   Conjuration/Fire             1
   b - Throw Flame                    Conjuration/Fire             2
   c - Conjure Flame                  Conjuration/Fire             3
   d - Inner Flame                    Hexes/Fire                   3
   e - Sticky Flame                   Conjuration/Fire             4
   f - Fireball                       Conjuration/Fire             5
Comestibles
 c - 7 rations
 F - 2 chunks of flesh


   Skills:
 - Level 3.2 Fighting
 - Level 8.7 Long Blades
 + Level 4.5 Armour
 - Level 0.8 Dodging
 - Level 2.1 Invocations


You had 7 spell levels left.
You didn't know any spells.

Dungeon Overview and Level Annotations

Branches:
Dungeon (6/15)             Temple (0/1) D:5

Altars:
Makhleb

Annotations:
D:4 Eustachio
D:6 Artool's ghost, novice DrBe


Innate Abilities, Weirdness & Mutations

You cannot be hasted, slowed, berserked, paralysed or teleported.
You can dig through walls and to a lower floor.
Your four strong arms can wield two-handed weapons with a shield.
You have a pair of large antennae on your head. (SInv)


Message History

Unknown command.
Unknown command.
You start resting.
Eating one of 3 chunks of flesh.
You eat one of the 3 chunks of flesh.
This raw flesh tastes great.
You start resting.
The orc warrior shouts!
There is a stone staircase leading up, spattered with blood here.
You hit the orc warrior but do no damage.
The orc warrior hits you with a battleaxe.
Your scale mail prevents you from hitting the orc warrior.
You hit the orc warrior.
The orc warrior is lightly wounded.
The orc warrior hits you with a battleaxe!!
The orc warrior hits you with a battleaxe!
You climb upwards.
There is a stone staircase leading down here.
You hit the orc warrior but do no damage.
The orc warrior is lightly wounded.
The orc warrior hits you with a battleaxe!!
You die...

...## ###..........## ....#
##..........## ....##
##..........# .....##
#..........# ......# ##........##
..##..## ##......### #######
..###..## ##........###.....###
........#####....................
..........#....o@############....
#########..##..### ##.....
##.###..# #...##. ##.####.##
####### #..# #.## # #### ###


You could see an orc warrior.

Vanquished Creatures
  Grinder (D:3)
  A centaur (D:6)
  An ogre (D:3)
  A bullfrog (D:6)
  2 crimson imps
  An orc priest (D:6)
  2 hounds
  Terence (D:1)
  3 orc wizards
  Natasha (thrice) (D:2)
  8 gnolls
  7 adders
  An adder skeleton (D:4)
  2 worms (D:2)
  A dart slug (D:4)
  5 leopard geckos
  11 orcs
  2 bats
  4 giant cockroaches
  3 goblins (D:1)
  4 hobgoblins (D:3)
  9 jackals
  2 quokkas
  A ball python (D:1)
  4 frilled lizards
  9 kobolds
  A quokka skeleton (D:5)
  4 rats
94 creatures vanquished.

Notes
Turn   | Place    | Note
-------+----------+-------------------------------------------
     0 | Abyss:1  | Faustar the Formicid Abyssal Knight began the quest for the Orb.
     0 | Abyss:1  | Reached XP level 1. HP: 18/18 MP: 2/2
     0 | D:1      | Escaped the Abyss
    29 | D:1      | Reached XP level 2. HP: 24/24 MP: 3/3
   189 | D:1      | Reached * piety under Lugonu
   192 | D:1      | Reached skill level 3 in Long Blades
   369 | D:1      | Reached XP level 3. HP: 29/29 MP: 4/4
  1132 | D:2      | Reached XP level 4. HP: 17/35 MP: 5/5
  1154 | D:2      | Noticed Natasha
  1160 | D:2      | Killed Natasha
  1160 | D:2      | Reached skill level 4 in Long Blades
  1689 | D:2      | Noticed Terence
  1716 | D:1      | Killed Terence
  1716 | D:1      | Reached XP level 5. HP: 14/41 MP: 6/6
  1864 | D:2      | Reached skill level 5 in Long Blades
  1966 | D:2      | Noticed Natasha
  2169 | D:2      | Killed Natasha
  2460 | D:2      | Noticed Natasha
  2471 | D:2      | Killed Natasha
  2471 | D:2      | Reached XP level 6. HP: 32/47 MP: 7/7
  2843 | D:2      | Reached skill level 6 in Long Blades
  2919 | D:2      | Found a burning altar of Makhleb.
  3669 | D:3      | Noticed an ogre
  3685 | D:3      | Killed an ogre
  3687 | D:3      | Reached ** piety under Lugonu
  4115 | D:3      | Noticed Grinder
  4139 | D:3      | Killed Grinder
  4139 | D:3      | Reached skill level 7 in Long Blades
  4139 | D:3      | Reached XP level 7. HP: 21/52 MP: 8/8
  4977 | D:4      | Reached skill level 8 in Long Blades
  5324 | D:4      | Noticed Eustachio
  5335 | D:5      | Entered Level 5 of the Dungeon
  5622 | D:5      | Found a staircase to the Ecumenical Temple.
  6254 | D:6      | Reached XP level 8. HP: 25/58 MP: 9/9
  6768 | D:6      | Noticed Artool's ghost (novice DrBe)
  7550 | D:5      | Slain by an orc warrior

Skill      XL: |  1  2  3  4  5  6  7  8 |
---------------+-------------------------+-----
Long Blades    | 3 4 5 7 8 |  8.7
Armour         | 4 |  4.5
Fighting       | |  3.2
Dodging        | |  0.8
Invocations    | |  2.1

Action                   |  1- 3 |  4- 6 |  7- 9 || total
-------------------------+-------+-------+-------++-------
Melee: Falchion          |    70 |   215 |   105 ||   390
       Long sword        |       |       |    97 ||    97
Invok: Depart the Abyss  |     1 |       |       ||     1
Evoke: Wand              |       |       |     2 ||     2
  Use: Potion            |     1 |     1 |       ||     2
       Scroll            |       |       |     4 ||     4
 Stab: Paralysed         |       |       |     5 ||     5
  Eat: Chunk             |       |    10 |    21 ||    31
Armor: Leather armour    |    29 |    32 |       ||    61
       Scale mail        |       |       |    57 ||    57
Dodge: Dodged            |    53 |    91 |    73 ||   217
       Rpst.: Falchion   |    13 |    25 |    16 ||    54
       Long sword        |       |       |    12 ||    12
